 Dungeon Crawl Stone Soup version 0.28-a0-779-g3d1f99b579 (webtiles) character file.

Game seed: 17140935309379628354

0 jasper the Vexing (level 1, -3/13 HPs)
             Began as a Demonspawn Enchanter on Nov 2, 2021.
             Slain by a kobold (5 damage)
             ... on level 1 of the Dungeon.
             The game lasted 00:00:21 (165 turns).

jasper the Vexing (Demonspawn Enchanter)             Turns: 165, Time: 00:00:22

Health: -3/13      AC:  2    Str:  8    XL:     1   Next: 8%
Magic:  3/3        EV: 12    Int: 16    God:
Gold:   17         SH:  0    Dex: 13    Spells: 4/4 levels left

rFire   . . .      SeeInvis .   d - +0 falchion
rCold   . . .      Faith    .   (no shield)
rNeg    . . .      Spirit   .   b - +0 robe
rPois   .          Reflect  .   (no helmet)
rElec   .          Harm     .   (no cloak)
rCorr   .          Rampage  .   (no gloves)
Will    .....                   (no boots)
Stlth   ++........              (no amulet)
HPRegen 0.04/turn               (no ring)
MPRegen 0.08/turn               (no ring)

@: no status effects
A: no striking features
a: no special abilities


You were on level 1 of the Dungeon.
You visited 1 branch of the dungeon, and saw 1 of its levels.

You collected 17 gold pieces.

Inventory:

Hand Weapons
 a - a +1 dagger
 d - a +0 falchion (weapon)
Missiles
 f - 19 stones (quivered)
Armour
 b - a +0 robe (worn)
Potions
 c - a potion of invisibility
 e - a potion of degeneration {unknown}


   Skills:
 - Level 0.8(0.9) Short Blades
 * Level 0.1(0.5) Long Blades
 - Level 1.7 Dodging
 - Level 2.6 Stealth
 - Level 2.0 Spellcasting
 - Level 3.0 Hexes


You had 4 spell levels left.
You didn't know any spells.
Your spell library contained the following spells:

 Spells                   Type           Power      Damage    Failure   Level
 Ensorcelled Hibernation  Hex/Ice        12%        N/A       17%         2
 Confusing Touch          Hex            11%        N/A       19%         3
 Tukima's Dance           Hex            11%        N/A       19%         3
 Dazzling Flash           Conj/Hex       12%        N/A       32%         3


Dungeon Overview and Level Annotations

Branches:
Dungeon (1/15)

Altars:


Message History

You hit the rat.
You kill the rat!
You start resting.
HP restored.
Health restored: 13
d - a +0 falchion (weapon)
a - a +1 dagger (weapon)
You see here 19 stones.
f - 19 stones A kobold comes into view.
It is wielding a +2 short sword of protection.
Found 12 gold pieces.
A kobold is nearby!
A kobold is nearby!
A kobold is nearby!
A rat comes into view.
The kobold shouts!
You hear a shout!
d - a +0 falchion (weapon)
You swing at nothing.
You hit the kobold.
The kobold is heavily wounded.
The kobold misses you.
The kobold hits you with a +2 short sword of protection.
You take 3 damage, and have 10/13 hp.
MASSIVE DAMAGE!!
You closely miss the kobold.
The kobold is heavily wounded.
The kobold hits you with a +2 short sword of protection.
A kobold comes into view. It is wielding a +0 short sword.
You take 3 damage, and have 7/13 hp.
MASSIVE DAMAGE!!
You hit the kobold but do no damage.
The kobold is moderately wounded.
The kobold misses you.
You hit the kobold but do no damage.
The kobold is moderately wounded.
The kobold hits you with a +2 short sword of protection.
* * * LOW HITPOINT WARNING * * *
You take 5 damage, and have 2/13 hp.
MASSIVE DAMAGE!!
You closely miss the kobold.
The kobold is moderately wounded.
The kobold hits you with a +2 short sword of protection.
You die...

########## ######## ...
##.r...#$.. ≈≈≈≈≈≈P# #.#
##.......... ≈≈≈≈≈P.# #.#
#........... ≈≈≈≈P..# #.#
#........... ≈≈≈P...## #.#
#...K....... P≈P.....#
#.#####...........
.P).....####.##.@Kr..........
................###..........
.<......#.....### ##.....#...
.......##.##..############ #
.P.....#..##..........#
P≈P....#.###.########.#
≈≈≈P...#.# #.# .# ≈≈≈≈P..#.#
#.# .# ≈≈≈≈≈P.#.# #.# #


You could see 2 kobolds and a rat.

Vanquished Creatures
  A rat (D:1)
1 creature vanquished.

Notes
Turn   | Place    | Note
-------+----------+-------------------------------------------
     0 | D:1      | jasper the Demonspawn Enchanter began the quest for the
                  | Orb.
     0 | D:1      | Reached XP level 1. HP: 13/13 MP: 3/3
   165 | D:1      | Slain by a kobold

Illustrated notes

Levels and vault maps discovered:
D:1:      eino_arrival_druids_welcome, layout_rooms,
          shapermc_ecumenical_altar_starsandcircs

Action                   || total
-------------------------++-------
Melee: Falchion          ||     5
       Dagger            ||     3
Dodge: Dodged            ||     2

Table legend: (Time is in decaauts)
 A = Elapsed time spent in this place.
 B = Non-inter-level travel time spent in this place.
 C = Inter-level travel time spent in this place.
 D = Time resting spent in this place.
 E = Time spent auto-exploring this place.
 F = Levels seen in this place.
 G = Mean time per level.
                   A        B        C        D        E       F      G
               +--------+--------+--------+--------+--------+-----+--------+
         Total |    164 |    164 |      0 |     87 |     30 |   1 |  164.0 |
       Dungeon |    164 |    164 |      0 |     87 |     30 |   1 |  164.0 |
               +--------+--------+--------+--------+--------+-----+--------+

Top non-repeatable levels by time:
     D:1: 164 daAuts
